Reno Silver Aces vs Adelaide Pink Elephants
Created - Saturday, April 19, 2025 at 08:56
Goals
|
| Reno Silver Aces |
2 |
2 |
0 |
4 |
| Adelaide Pink Elephants |
0 |
0 |
0 |
0 |
|
Shots
|
| Reno Silver Aces |
8 |
18 |
6 |
32 |
| Adelaide Pink Elephants |
3 |
16 |
9 |
28 |
|
1st period
1. Reno Silver Aces , Nicolas Deslauriers 25 (Brendan Lemieux 23, Tanner Laczynski 25) at 16:28
2. Reno Silver Aces , Vinnie Hinostroza 32 (Curtis Lazar 45) at 16:39
Penalties :
Akil Thomas (APE) for Delaying the game (Minor) at 2:20, Zachary L'Heureux (RSA) for Cross-checking (Minor) at 8:24, Jordan Oesterle (RSA) for Holding (Minor) at 17:52
2nd period
3. Reno Silver Aces , Patrick Brown 22 (Mathieu Olivier 31, Philipp Grubauer) at 4:21 (PP)
4. Reno Silver Aces , Trevor Lewis 23 (Curtis Lazar 46, Vinnie Hinostroza 50) at 12:38
Penalties :
Colton Dach (APE) for Tripping (Minor) at 3:12, Oliver Wahlstrom (APE) for Tripping (Minor) at 3:35, Trevor Lewis (RSA) for Hooking (Minor) at 13:17, Ilya Solovyov (APE) for Fighting (Major) at 15:29, Cole Koepke (RSA) for Fighting (Major) at 15:29, Logan Mailloux (APE) for Roughing (Minor) at 15:40, Nick Cicek (APE) for Fighting (Major) at 18:21, Zachary L'Heureux (RSA) for Fighting (Major) at 18:21, Zachary L'Heureux (RSA) for instigated a fight (Minor) at 18:21, Zachary L'Heureux (RSA) for instigated and being the aggresor in a fight (20 Minutes Game Misconduct) at 18:21
3rd period
No Goal
Penalties :
Logan Mailloux (APE) for Fighting (Major) at 0:41, Kieffer Bellows (RSA) for Fighting (Major) at 0:41, William Wallinder (APE) for Fighting (Major) at 0:53, Mathieu Olivier (RSA) for Fighting (Major) at 0:53, Carson Lambos (APE) for Fighting (Major) at 1:27, Ty Smith (RSA) for Fighting (Major) at 1:27, Jordan Oesterle (RSA) for Holding (Minor) at 5:22, Curtis Lazar (RSA) for Slashing (Double Minor) at 8:34, Mathieu Olivier (RSA) for Holding (Minor) at 16:43
Goalie Stats
Philipp Grubauer (RSA), 28 saves from 28 shots - (1.000), W, 24-7-0, 60:00 minutes
Tomas Suchanek (APE), 28 saves from 32 shots - (0.875), L, 15-11-3, 60:00 minutes
Players Stats for Reno Silver Aces
Player Name G A P +/- PIM S H SB GA TA FO MP PP MP PK MP
------------------------------------------------------------------------------------
0 0 0 0 0 0 0 0 0 0 0/0 0:00 0:00 0:00
Brendan Lemieux 0 1 1 1 0 3 2 2 0 0 7/14 14:56 0:00 7:33
Casey Fitzgerald 0 0 0 0 0 0 1 0 0 0 0/0 13:22 0:00 2:18
Cole Koepke 0 0 0 0 5 2 0 0 1 0 0/0 9:07 0:00 0:02
Curtis Lazar 0 2 2 2 4 3 6 0 1 0 15/22 20:11 3:12 5:30
Jeremie Poirier 0 0 0 1 0 0 0 1 0 1 0/0 23:18 3:23 7:45
Jordan Oesterle 0 0 0 2 4 1 1 0 0 0 0/0 23:25 2:57 5:06
Kieffer Bellows 0 0 0 0 5 2 1 0 1 0 2/2 20:14 3:08 7:15
Mathieu Olivier 0 1 1 0 7 3 1 0 0 0 0/0 13:03 3:08 0:02
Nicolas Deslauriers 1 0 1 1 0 2 3 0 1 0 1/2 12:34 0:00 1:59
Patrick Brown 1 0 1 0 0 4 0 0 1 0 8/20 15:22 3:08 0:48
Peter Abbandonato 0 0 0 0 0 1 2 0 0 0 3/4 7:55 0:00 0:00
Samuel Bolduc 0 0 0 2 0 2 1 1 0 1 0/0 26:35 2:57 7:50
Tanner Laczynski 0 1 1 1 0 2 1 0 1 0 2/3 11:58 0:00 3:03
Trevor Lewis 1 0 1 2 2 2 0 1 0 0 1/1 20:31 3:12 6:20
Ty Smith 0 0 0 1 5 0 2 1 1 0 0/0 22:27 3:23 8:05
Vinnie Hinostroza 1 1 2 2 0 4 0 0 0 0 0/1 13:32 3:12 0:00
William Villeneuve 0 0 0 0 0 0 1 0 0 0 0/0 10:38 0:00 0:16
Zachary L'Heureux 0 0 0 0 29 1 1 0 2 0 0/0 5:08 0:00 0:00
Players Stats for Adelaide Pink Elephants
Player Name G A P +/- PIM S H SB GA TA FO MP PP MP PK MP
------------------------------------------------------------------------------------
0 0 0 0 0 0 0 0 0 0 0/0 0:00 0:00 0:00
Akil Thomas 0 0 0 -1 2 3 2 0 0 0 2/5 12:28 0:19 0:40
Carson Lambos 0 0 0 0 5 0 0 1 0 0 0/0 6:04 0:49 0:34
Chaz Lucius 0 0 0 0 0 0 0 0 0 0 0/0 1:42 0:37 0:00
Colton Dach 0 0 0 0 2 0 1 0 0 0 0/0 18:54 7:37 0:00
Daemon Hunt 0 0 0 -2 0 2 1 0 0 2 0/0 26:40 8:09 3:19
Graeme Clarke 0 0 0 0 0 2 2 1 0 0 11/17 22:17 7:47 2:44
Ilya Solovyov 0 0 0 0 5 3 2 0 0 1 0/0 21:00 6:55 2:04
Joakim Kemell 0 0 0 -1 0 0 0 0 0 2 0/1 11:27 0:18 0:00
Josh Doan 0 0 0 -2 0 3 1 0 0 1 10/25 24:08 7:35 3:02
Logan Mailloux 0 0 0 -2 7 0 0 0 0 0 0/0 18:18 7:10 2:17
Nick Cicek 0 0 0 -1 5 0 0 0 0 1 0/0 12:44 0:59 0:00
Oliver Wahlstrom 0 0 0 0 2 3 0 0 1 0 0/3 21:19 7:37 2:03
Ryan Suzuki 0 0 0 -2 0 0 3 1 0 2 1/7 14:06 0:00 0:00
Sean Farrell 0 0 0 -1 0 2 1 1 0 0 0/1 19:08 7:35 0:15
Tristen Robins 0 0 0 0 0 0 0 0 0 0 0/1 2:55 0:44 0:15
Tyson Foerster 0 0 0 -2 0 8 1 1 1 0 6/9 24:21 7:30 2:54
Ville Heinola 0 0 0 0 0 2 0 4 0 0 0/0 23:49 7:44 3:01
William Wallinder 0 0 0 -1 5 0 0 2 0 0 0/0 11:25 0:00 1:25
3 Stars
1 - Philipp Grubauer (RSA)
2 - Vinnie Hinostroza (RSA)
3 - Nicolas Deslauriers (RSA)
Power Play
Reno Silver Aces - 1 on 4 Attempt(s) - 25.00%
Adelaide Pink Elephants - 0 on 8 Attempt(s) - 0.00%
Penalty Kill
Reno Silver Aces - 8 on 8 Attempt(s) - 100.00%
- Score 0 goal in Penalty Kill
Adelaide Pink Elephants - 3 on 4 Attempt(s) - 75.00%
- Score 0 goal in Penalty Kill
Team Stat
Reno Silver Aces - Hits : 23 - Faceoff Wins : 39 - Blocked Shots : 6 - Penalty Minutes : 61
Adelaide Pink Elephants - Hits : 14 - Faceoff Wins : 30 - Blocked Shots : 11 - Penalty Minutes : 33
Official
Referees : Marc Joannette and Tom Chmielewski
Linesman : Ryan Daisy and Kyle Flemington
Game Notes
Ilya Solovyov and Cole Koepke fight to a draw at 15:29 of 2nd period
Zachary L'Heureux beats up Nick Cicek at 18:21 of 2nd period
Zachary L'Heureux (RSA) for instigated and being the aggresor in a fight (20 Minutes Game Misconduct) at 18:21
Zachary L'Heureux ejected from game at 18:21 of 2nd period
Logan Mailloux and Kieffer Bellows fight to a draw at 0:41 of 3rd period
Mathieu Olivier beats up William Wallinder at 0:53 of 3rd period
Carson Lambos beats up Ty Smith at 1:27 of 3rd period
6:21 of 3rd period - Adelaide Pink Elephants goal is going for a video replay. After video review, No Goal. The referee deems the play has been stopped, even if he had not physically had the opportunity to stop play by blowing his whistle.
Reno Silver Aces
5 vs 5 Forward
Center Left Wing Right Wing Time % Phy DF OF
1 Curtis Lazar Vinnie Hinostroza Trevor Lewis 30 1 2 2
2 Patrick Brown Kieffer Bellows Mathieu Olivier 30 1 2 2
3 Tanner Laczynski Brendan Lemieux Nicolas Deslauriers 25 1 2 2
4 Peter Abbandonato Zachary L'Heureux Cole Koepke 15 1 2 2
5 vs 5 Defense
Defense Defense Time % Phy DF OF
1 Jordan Oesterle Samuel Bolduc 30 1 2 2
2 Ty Smith Jeremie Poirier 30 1 2 2
3 William Villeneuve Casey Fitzgerald 25 1 2 2
4 Jordan Oesterle Samuel Bolduc 15 1 2 2
PowerPlay Forward
Center Left Wing Right Wing Time % Phy DF OF
1 Curtis Lazar Vinnie Hinostroza Trevor Lewis 50 1 2 2
2 Patrick Brown Kieffer Bellows Mathieu Olivier 50 1 2 2
PowerPlay Defense
Defense Defense Time % Phy DF OF
1 Jordan Oesterle Samuel Bolduc 50 1 2 2
2 Ty Smith Jeremie Poirier 50 1 2 2
Penalty Kill 4 Players Forward
Center Wing Time % Phy DF OF
1 Curtis Lazar Trevor Lewis 50 1 2 2
2 Brendan Lemieux Kieffer Bellows 50 1 2 2
Penalty Kill 4 Players Defense
Defense Defense Time % Phy DF OF
1 Jordan Oesterle Samuel Bolduc 50 1 2 2
2 Ty Smith Jeremie Poirier 50 1 2 2
Penalty Kill - 3 Players Forward
Forward Time % Phy DF OF
1 Curtis Lazar 50 1 2 2
2 Trevor Lewis 50 1 2 2
Penalty Kill - 3 Players Defense
Defense Defense Time % Phy DF OF
1 Jordan Oesterle Samuel Bolduc 50 1 2 2
2 Ty Smith Jeremie Poirier 50 1 2 2
4 vs 4 Forward
Center Wing Time % Phy DF OF
1 Curtis Lazar Trevor Lewis 50 1 2 2
2 Brendan Lemieux Kieffer Bellows 50 1 2 2
4 vs 4 Defense
Defense Defense Time % Phy DF OF
1 Jordan Oesterle Samuel Bolduc 50 1 2 2
2 Ty Smith Jeremie Poirier 50 1 2 2
Last Minutes Offensive
Center Left Wing Right Wing Defense Defense
Curtis Lazar Vinnie Hinostroza Trevor Lewis Jordan Oesterle Samuel Bolduc
Last Minutes Defensive
Center Left Wing Right Wing Defense Defense
Curtis Lazar Vinnie Hinostroza Trevor Lewis Jordan Oesterle Samuel Bolduc
Goaltenders
Starting : Philipp Grubauer
Backup : Mackenzie Blackwood
Extra Forwards
Normal : Nicolas Deslauriers, Cole Koepke, Tanner Laczynski - PP : Nicolas Deslauriers, Cole Koepke - PK : Tanner Laczynski
Extra Defensemen
Normal : William Villeneuve, Casey Fitzgerald, Ty Smith - PP : William Villeneuve - PK : Casey Fitzgerald, Ty Smith
Penalty Shots
Curtis Lazar, Trevor Lewis, Vinnie Hinostroza, Kieffer Bellows, Mathieu Olivier
Scratches
William Dufour (Healthy), Marshall Rifai (Healthy), Jacob Melanson (Healthy), Frederic Brunet (Healthy), Christian Kyrou (Healthy)
Nathan Gaucher (Healthy), Blade Jenkins (Healthy), Wyatte Wylie (Healthy), Jiri Patera (Healthy)
Adelaide Pink Elephants
5 vs 5 Forward
Center Left Wing Right Wing Time % Phy DF OF
1 Josh Doan Sean Farrell Tyson Foerster 30 1 2 2
2 Graeme Clarke Colton Dach Oliver Wahlstrom 30 1 2 2
3 Akil Thomas Ryan Suzuki Joakim Kemell 25 1 2 2
4 Ryan Suzuki Tyson Foerster Josh Doan 15 1 2 2
5 vs 5 Defense
Defense Defense Time % Phy DF OF
1 Daemon Hunt Logan Mailloux 30 1 2 2
2 Ville Heinola Ilya Solovyov 30 1 2 2
3 Nick Cicek William Wallinder 25 1 2 2
4 Carson Lambos Daemon Hunt 15 1 2 2
PowerPlay Forward
Center Left Wing Right Wing Time % Phy DF OF
1 Josh Doan Sean Farrell Tyson Foerster 50 1 2 2
2 Graeme Clarke Colton Dach Oliver Wahlstrom 50 1 2 2
PowerPlay Defense
Defense Defense Time % Phy DF OF
1 Daemon Hunt Logan Mailloux 50 1 2 2
2 Ville Heinola Ilya Solovyov 50 1 2 2
Penalty Kill 4 Players Forward
Center Wing Time % Phy DF OF
1 Tyson Foerster Josh Doan 50 1 2 2
2 Oliver Wahlstrom Graeme Clarke 50 1 2 2
Penalty Kill 4 Players Defense
Defense Defense Time % Phy DF OF
1 Daemon Hunt Logan Mailloux 50 1 2 2
2 Ville Heinola Ilya Solovyov 50 1 2 2
Penalty Kill - 3 Players Forward
Forward Time % Phy DF OF
1 Tyson Foerster 50 1 2 2
2 Josh Doan 50 1 2 2
Penalty Kill - 3 Players Defense
Defense Defense Time % Phy DF OF
1 Daemon Hunt Logan Mailloux 50 1 2 2
2 Ville Heinola Ilya Solovyov 50 1 2 2
4 vs 4 Forward
Center Wing Time % Phy DF OF
1 Tyson Foerster Josh Doan 50 1 2 2
2 Oliver Wahlstrom Graeme Clarke 50 1 2 2
4 vs 4 Defense
Defense Defense Time % Phy DF OF
1 Daemon Hunt Logan Mailloux 50 1 2 2
2 Ville Heinola Ilya Solovyov 50 1 2 2
Last Minutes Offensive
Center Left Wing Right Wing Defense Defense
Josh Doan Sean Farrell Tyson Foerster Daemon Hunt Logan Mailloux
Last Minutes Defensive
Center Left Wing Right Wing Defense Defense
Josh Doan Sean Farrell Tyson Foerster Daemon Hunt Logan Mailloux
Goaltenders
Starting : Tomas Suchanek
Backup : Matthew Murray
Extra Forwards
Normal : Tristen Robins, Chaz Lucius, Akil Thomas - PP : Tristen Robins, Chaz Lucius - PK : Akil Thomas
Extra Defensemen
Normal : Nick Cicek, William Wallinder, Carson Lambos - PP : Nick Cicek - PK : William Wallinder, Carson Lambos
Penalty Shots
Tyson Foerster, Josh Doan, Oliver Wahlstrom, Graeme Clarke, Akil Thomas
Scratches
Robert Bortuzzo (Suspend), Shane Wright (Healthy), Francesco Pinelli (Healthy), Brett Harrison (Healthy), Jakub Brabenec (Healthy)
Ryder Korczak (Healthy), Philippe Daoust (Healthy)
% Time on Ice - Reno Silver Aces
Lines # - Real PCT - Wanted PCT - Time Play
Normal Forward
1 - 28% - 30% - 10:45
2 - 33% - 30% - 12:27
3 - 18% - 25% - 6:40
4 - 21% - 15% - 7:55
Normal Defense
1 - 33% - 30% - 12:17
2 - 32% - 30% - 12:11
3 - 26% - 25% - 9:48
4 - 9% - 15% - 3:31
PP Forward
1 - 51% - 50% - 3:12
2 - 49% - 50% - 3:08
PP Defense
1 - 47% - 50% - 2:57
2 - 53% - 50% - 3:23
PK Forward
1 - 52% - 50% - 8:20
2 - 48% - 50% - 7:33
PK Defense
1 - 49% - 50% - 7:50
2 - 51% - 50% - 8:03
PK3 Forward
1 - 0% - 50%
2 - 0% - 50%
PK3 Defense
1 - 0% - 50%
2 - 0% - 50%
44 Forward
1 - 0% - 50%
2 - 0% - 50%
44 Defense
1 - 0% - 50%
2 - 0% - 50%
Last Minute Offensive - 0:00
Last Minute Defensive - 0:00
Total
Forward - 60:00
Defense - 60:00
|
% Time on Ice - Adelaide Pink Elephants
Lines # - Real PCT - Wanted PCT - Time Play
Normal Forward
1 - 30% - 30% - 11:22
2 - 32% - 30% - 12:16
3 - 30% - 25% - 11:12
4 - 8% - 15% - 2:57
Normal Defense
1 - 30% - 30% - 11:24
2 - 28% - 30% - 10:44
3 - 30% - 25% - 11:28
4 - 11% - 15% - 4:11
PP Forward
1 - 49% - 50% - 7:47
2 - 51% - 50% - 8:06
PP Defense
1 - 51% - 50% - 8:09
2 - 49% - 50% - 7:44
PK Forward
1 - 46% - 50% - 2:35
2 - 54% - 50% - 2:59
PK Defense
1 - 49% - 50% - 2:43
2 - 51% - 50% - 2:51
PK3 Forward
1 - 41% - 50% - 0:19
2 - 59% - 50% - 0:27
PK3 Defense
1 - 78% - 50% - 0:36
2 - 22% - 50% - 0:10
44 Forward
1 - 0% - 50%
2 - 0% - 50%
44 Defense
1 - 0% - 50%
2 - 0% - 50%
Last Minute Offensive - 0:00
Last Minute Defensive - 0:00
Total
Forward - 60:00
Defense - 60:00
|
Play-by-Play
1st period
0:01 of 1st period - Curtis Lazar wins face-off versus Josh Doan in neutral zone.
1:32 of 1st period - Snap shot by Curtis Lazar.
1:32 of 1st period - Stopped by Tomas Suchanek with a rebound.
2:17 of 1st period - Wrist shot by Brendan Lemieux.
2:17 of 1st period - Stopped by Tomas Suchanek without a rebound.
2:18 of 1st period - Akil Thomas wins face-off versus Tanner Laczynski in Adelaide Pink Elephants zone.
2:20 of 1st period - Minor Penalty to Akil Thomas for Delaying the game.
2:21 of 1st period - Curtis Lazar wins face-off versus Tyson Foerster in Adelaide Pink Elephants zone.
2:35 of 1st period - Tyson Foerster is hit by Curtis Lazar and loses puck.
2:55 of 1st period - Wrist shot by Tyson Foerster.
2:55 of 1st period - Shot Misses the Net.
3:01 of 1st period - Ville Heinola is hit by Ty Smith and loses puck.
4:20 of 1st period - Penalty to Akil Thomas is over, Akil Thomas is back on ice.
4:25 of 1st period - Backhand shot by Nicolas Deslauriers.
4:25 of 1st period - Stopped by Tomas Suchanek with a rebound.
4:33 of 1st period - Snap shot by Brendan Lemieux.
4:33 of 1st period - Shot Blocked by Graeme Clarke.
4:35 of 1st period - Snap shot by Brendan Lemieux.
4:35 of 1st period - Stopped by Tomas Suchanek with a rebound.
5:06 of 1st period - Tyson Foerster is hit by Peter Abbandonato and loses puck.
6:16 of 1st period - Ty Smith is hit by Ilya Solovyov and loses puck.
7:35 of 1st period - Daemon Hunt is hit by Samuel Bolduc and loses puck.
8:24 of 1st period - Minor Penalty to Zachary L'Heureux for Cross-checking.
8:25 of 1st period - Curtis Lazar wins face-off versus Josh Doan in Reno Silver Aces zone.
8:34 of 1st period - Wrist shot by Josh Doan.
8:34 of 1st period - Stopped by Philipp Grubauer with a rebound.
8:36 of 1st period - Wrist shot by Tyson Foerster.
8:36 of 1st period - Stopped by Philipp Grubauer with a rebound.
9:17 of 1st period - Icing by Daemon Hunt.
9:18 of 1st period - Curtis Lazar wins face-off versus Graeme Clarke in Adelaide Pink Elephants zone.
10:24 of 1st period - Penalty to Zachary L'Heureux is over, Zachary L'Heureux is back on ice.
11:52 of 1st period - Patrick Brown is hit by Sean Farrell and loses puck.
12:13 of 1st period - Colton Dach is hit by Curtis Lazar and loses puck.
12:44 of 1st period - Snap shot by Patrick Brown.
12:44 of 1st period - Stopped by Tomas Suchanek without a rebound.
12:45 of 1st period - Patrick Brown wins face-off versus Tristen Robins in Adelaide Pink Elephants zone.
12:46 of 1st period - Snap shot by Mathieu Olivier.
12:46 of 1st period - Stopped by Tomas Suchanek with a rebound.
13:08 of 1st period - Wrist shot by Nicolas Deslauriers.
13:08 of 1st period - Shot Blocked by Ryan Suzuki.
13:30 of 1st period - Oliver Wahlstrom is hit by Zachary L'Heureux and loses puck.
13:45 of 1st period - Colton Dach is hit by Peter Abbandonato and loses puck.
13:53 of 1st period - Icing by Oliver Wahlstrom.
13:54 of 1st period - Graeme Clarke wins face-off versus Patrick Brown in Adelaide Pink Elephants zone.
14:02 of 1st period - Off-side.
14:03 of 1st period - Ryan Suzuki wins face-off versus Patrick Brown in neutral zone.
14:12 of 1st period - Snap shot by Ryan Suzuki.
14:12 of 1st period - Shot Hit the Post.
15:03 of 1st period - Sean Farrell is hit by William Villeneuve and loses puck.
15:58 of 1st period - Oliver Wahlstrom is hit by Casey Fitzgerald and loses puck.
16:19 of 1st period - Tyson Foerster is hit by Brendan Lemieux and loses puck.
16:26 of 1st period - Snap shot by Brendan Lemieux.
16:26 of 1st period - Shot Blocked by William Wallinder.
16:28 of 1st period - Wrist shot by Nicolas Deslauriers.
16:28 of 1st period - Goal by Nicolas Deslauriers - Reno Silver Aces : 1 - Adelaide Pink Elephants : 0.
16:29 of 1st period - Curtis Lazar wins face-off versus Ryan Suzuki in neutral zone.
16:31 of 1st period - Off-side.
16:32 of 1st period - Curtis Lazar wins face-off versus Ryan Suzuki in neutral zone.
16:39 of 1st period - Snap shot by Vinnie Hinostroza.
16:39 of 1st period - Goal by Vinnie Hinostroza - Reno Silver Aces : 2 - Adelaide Pink Elephants : 0.
16:40 of 1st period - Patrick Brown wins face-off versus Ryan Suzuki in neutral zone.
16:49 of 1st period - Wrist shot by Tyson Foerster.
16:49 of 1st period - Stopped by Philipp Grubauer without a rebound.
16:50 of 1st period - Patrick Brown wins face-off versus Josh Doan in Reno Silver Aces zone.
17:25 of 1st period - Off-side.
17:26 of 1st period - Curtis Lazar wins face-off versus Oliver Wahlstrom in neutral zone.
17:29 of 1st period - Wrist shot by Curtis Lazar.
17:29 of 1st period - Shot Blocked by Ville Heinola.
17:52 of 1st period - Minor Penalty to Jordan Oesterle for Holding.
17:53 of 1st period - Brendan Lemieux wins face-off versus Graeme Clarke in Reno Silver Aces zone.
17:53 of 1st period - Brendan Lemieux is hit by Colton Dach.
18:02 of 1st period - Wrist shot by Graeme Clarke.
18:02 of 1st period - Deflect By Oliver Wahlstrom.
18:02 of 1st period - Shot Blocked by Brendan Lemieux.
18:02 of 1st period - Puck is out of play.
18:03 of 1st period - Brendan Lemieux wins face-off versus Oliver Wahlstrom in Reno Silver Aces zone.
18:14 of 1st period - Snap shot by Oliver Wahlstrom.
18:14 of 1st period - Deflect By Graeme Clarke.
18:14 of 1st period - Shot Misses the Net.
18:14 of 1st period - Puck is out of play.
18:15 of 1st period - Josh Doan wins face-off versus Curtis Lazar in Reno Silver Aces zone.
19:52 of 1st period - Penalty to Jordan Oesterle is over, Jordan Oesterle is back on ice.
Goals for this period are 2 for Reno Silver Aces vs 0 for Adelaide Pink Elephants.
Shots for this period are 8 for Reno Silver Aces vs 3 for Adelaide Pink Elephants.
2nd period
0:01 of 2nd period - Curtis Lazar wins face-off versus Josh Doan in neutral zone.
0:12 of 2nd period - Wrist shot by Curtis Lazar.
0:12 of 2nd period - Stopped by Tomas Suchanek without a rebound.
0:13 of 2nd period - Patrick Brown wins face-off versus Josh Doan in Adelaide Pink Elephants zone.
0:16 of 2nd period - Wrist shot by Patrick Brown.
0:16 of 2nd period - Stopped by Tomas Suchanek with a rebound.
1:41 of 2nd period - Wrist shot by Oliver Wahlstrom.
1:41 of 2nd period - Shot Misses the Net.
2:12 of 2nd period - Icing by William Wallinder.
2:13 of 2nd period - Josh Doan wins face-off versus Nicolas Deslauriers in Adelaide Pink Elephants zone.
2:29 of 2nd period - Snap shot by Akil Thomas.
2:29 of 2nd period - Stopped by Philipp Grubauer without a rebound.
2:30 of 2nd period - Josh Doan wins face-off versus Patrick Brown in Reno Silver Aces zone.
2:45 of 2nd period - Snap shot by Josh Doan.
2:45 of 2nd period - Stopped by Philipp Grubauer without a rebound.
2:46 of 2nd period - Graeme Clarke wins face-off versus Curtis Lazar in Reno Silver Aces zone.
2:47 of 2nd period - Snap shot by Oliver Wahlstrom.
2:47 of 2nd period - Stopped by Philipp Grubauer with a rebound.
2:49 of 2nd period - Slapshot by Daemon Hunt.
2:49 of 2nd period - Stopped by Philipp Grubauer without a rebound.
2:50 of 2nd period - Graeme Clarke wins face-off versus Curtis Lazar in Reno Silver Aces zone.
3:12 of 2nd period - Minor Penalty to Colton Dach for Tripping.
3:13 of 2nd period - Tyson Foerster wins face-off versus Patrick Brown in Adelaide Pink Elephants zone.
3:22 of 2nd period - Ville Heinola is hit by Mathieu Olivier and loses puck.
3:27 of 2nd period - Wrist shot by Kieffer Bellows.
3:27 of 2nd period - Shot Misses the Net.
3:29 of 2nd period - Snap shot by Jordan Oesterle.
3:29 of 2nd period - Shot Blocked by Ville Heinola.
3:35 of 2nd period - Minor Penalty to Oliver Wahlstrom for Tripping.
3:36 of 2nd period - Curtis Lazar wins face-off versus Tyson Foerster in Adelaide Pink Elephants zone.
3:37 of 2nd period - Slapshot by Vinnie Hinostroza.
3:37 of 2nd period - Stopped by Tomas Suchanek without a rebound.
3:38 of 2nd period - Tyson Foerster wins face-off versus Curtis Lazar in Adelaide Pink Elephants zone.
4:11 of 2nd period - Snap shot by Mathieu Olivier.
4:11 of 2nd period - Stopped by Tomas Suchanek without a rebound.
4:12 of 2nd period - Tyson Foerster wins face-off versus Patrick Brown in Adelaide Pink Elephants zone.
4:21 of 2nd period - Snap shot by Patrick Brown.
4:21 of 2nd period - Goal by Patrick Brown - Reno Silver Aces : 3 - Adelaide Pink Elephants : 0.
4:22 of 2nd period - Curtis Lazar wins face-off versus Tyson Foerster in neutral zone.
4:27 of 2nd period - Daemon Hunt is hit by Jordan Oesterle and loses puck.
5:35 of 2nd period - Penalty to Oliver Wahlstrom is over, Oliver Wahlstrom is back on ice.
5:54 of 2nd period - Slapshot by Cole Koepke.
5:54 of 2nd period - Stopped by Tomas Suchanek without a rebound.
5:55 of 2nd period - Peter Abbandonato wins face-off versus Graeme Clarke in Adelaide Pink Elephants zone.
5:58 of 2nd period - Wrist shot by Zachary L'Heureux.
5:58 of 2nd period - Shot Misses the Net.
6:00 of 2nd period - Snap shot by Peter Abbandonato.
6:00 of 2nd period - Stopped by Tomas Suchanek with a rebound.
6:02 of 2nd period - Slapshot by Samuel Bolduc.
6:02 of 2nd period - Stopped by Tomas Suchanek with a rebound.
6:24 of 2nd period - Wrist shot by Josh Doan.
6:24 of 2nd period - Stopped by Philipp Grubauer with a rebound.
6:26 of 2nd period - Wrist shot by Tyson Foerster.
6:26 of 2nd period - Stopped by Philipp Grubauer with a rebound.
6:49 of 2nd period - Wrist shot by Curtis Lazar.
6:49 of 2nd period - Shot Misses the Net.
7:19 of 2nd period - Off-side.
7:20 of 2nd period - Peter Abbandonato wins face-off versus Akil Thomas in neutral zone.
8:02 of 2nd period - Icing by Sean Farrell.
8:03 of 2nd period - Curtis Lazar wins face-off versus Josh Doan in Adelaide Pink Elephants zone.
8:04 of 2nd period - Slapshot by Vinnie Hinostroza.
8:04 of 2nd period - Shot Misses the Net.
8:19 of 2nd period - Snap shot by Josh Doan.
8:19 of 2nd period - Shot Hit the Post.
8:21 of 2nd period - Slapshot by Ilya Solovyov.
8:21 of 2nd period - Shot Misses the Net.
8:49 of 2nd period - Snap shot by Tyson Foerster.
8:49 of 2nd period - Stopped by Philipp Grubauer with a rebound.
8:53 of 2nd period - Snap shot by Tyson Foerster.
8:53 of 2nd period - Shot Misses the Net.
8:55 of 2nd period - Slapshot by Ilya Solovyov.
8:55 of 2nd period - Stopped by Philipp Grubauer with a rebound.
8:57 of 2nd period - Wrist shot by Sean Farrell.
8:57 of 2nd period - Shot Misses the Net.
8:59 of 2nd period - Slapshot by Sean Farrell.
8:59 of 2nd period - Stopped by Philipp Grubauer without a rebound.
9:00 of 2nd period - Patrick Brown wins face-off versus Graeme Clarke in Reno Silver Aces zone.
9:09 of 2nd period - Snap shot by Graeme Clarke.
9:09 of 2nd period - Shot Misses the Net.
10:06 of 2nd period - Snap shot by Cole Koepke.
10:06 of 2nd period - Stopped by Tomas Suchanek without a rebound.
10:07 of 2nd period - Akil Thomas wins face-off versus Peter Abbandonato in Adelaide Pink Elephants zone.
10:30 of 2nd period - Oliver Wahlstrom is hit by Kieffer Bellows and loses puck.
10:56 of 2nd period - Ty Smith is hit by Josh Doan and loses puck.
11:08 of 2nd period - Off-side.
11:09 of 2nd period - Tanner Laczynski wins face-off versus Joakim Kemell in neutral zone.
11:14 of 2nd period - Wrist shot by Tanner Laczynski.
11:14 of 2nd period - Deflect By Ilya Solovyov.
11:14 of 2nd period - Stopped by Tomas Suchanek with a rebound.
11:20 of 2nd period - Ilya Solovyov is hit by Brendan Lemieux and loses puck.
11:27 of 2nd period - Snap shot by Akil Thomas.
11:27 of 2nd period - Stopped by Philipp Grubauer with a rebound.
11:29 of 2nd period - Slapshot by Akil Thomas.
11:29 of 2nd period - Stopped by Philipp Grubauer without a rebound.
11:30 of 2nd period - Josh Doan wins face-off versus Patrick Brown in Reno Silver Aces zone.
11:41 of 2nd period - Snap shot by Tyson Foerster.
11:41 of 2nd period - Stopped by Philipp Grubauer without a rebound.
11:42 of 2nd period - Patrick Brown wins face-off versus Ryan Suzuki in Reno Silver Aces zone.
11:42 of 2nd period - Patrick Brown is hit by Ryan Suzuki.
11:59 of 2nd period - Off-side.
12:00 of 2nd period - Graeme Clarke wins face-off versus Curtis Lazar in neutral zone.
12:03 of 2nd period - Wrist shot by Oliver Wahlstrom.
12:03 of 2nd period - Shot Misses the Net.
12:25 of 2nd period - Vinnie Hinostroza is hit by Ryan Suzuki and loses puck.
12:38 of 2nd period - Snap shot by Trevor Lewis.
12:38 of 2nd period - Goal by Trevor Lewis - Reno Silver Aces : 4 - Adelaide Pink Elephants : 0.
12:39 of 2nd period - Patrick Brown wins face-off versus Ryan Suzuki in neutral zone.
12:42 of 2nd period - Wrist shot by Samuel Bolduc.
12:42 of 2nd period - Deflect By Mathieu Olivier.
12:42 of 2nd period - Shot Misses the Net.
12:42 of 2nd period - Puck is out of play.
12:43 of 2nd period - Kieffer Bellows wins face-off versus Ryan Suzuki in Adelaide Pink Elephants zone.
12:50 of 2nd period - Wrist shot by Kieffer Bellows.
12:50 of 2nd period - Deflect By Mathieu Olivier.
12:50 of 2nd period - Stopped by Tomas Suchanek with a rebound.
12:58 of 2nd period - Snap shot by Josh Doan.
12:58 of 2nd period - Shot Misses the Net.
13:10 of 2nd period - Slapshot by Oliver Wahlstrom.
13:10 of 2nd period - Shot Misses the Net.
13:12 of 2nd period - Slapshot by Ilya Solovyov.
13:12 of 2nd period - Stopped by Philipp Grubauer with a rebound.
13:14 of 2nd period - Slapshot by Ville Heinola.
13:14 of 2nd period - Stopped by Philipp Grubauer without a rebound.
13:15 of 2nd period - Curtis Lazar wins face-off versus Graeme Clarke in Reno Silver Aces zone.
13:17 of 2nd period - Minor Penalty to Trevor Lewis for Hooking.
13:18 of 2nd period - Brendan Lemieux wins face-off versus Josh Doan in Reno Silver Aces zone.
13:44 of 2nd period - Curtis Lazar is hit by Graeme Clarke and loses puck.
15:17 of 2nd period - Penalty to Trevor Lewis is over, Trevor Lewis is back on ice.
15:29 of 2nd period - Slapshot by Zachary L'Heureux.
15:29 of 2nd period - Stopped by Tomas Suchanek without a rebound.
15:29 of 2nd period - Ilya Solovyov and Cole Koepke fight to a draw.
15:29 of 2nd period - Penalty to Ilya Solovyov for Fighting.
15:29 of 2nd period - Penalty to Cole Koepke for Fighting.
15:30 of 2nd period - Josh Doan wins face-off versus Patrick Brown in Adelaide Pink Elephants zone.
15:40 of 2nd period - Minor Penalty to Logan Mailloux for Roughing.
15:41 of 2nd period - Tyson Foerster wins face-off versus Patrick Brown in Adelaide Pink Elephants zone.
15:53 of 2nd period - Wrist shot by Patrick Brown.
15:53 of 2nd period - Shot Blocked by William Wallinder.
16:20 of 2nd period - Wrist shot by Kieffer Bellows.
16:20 of 2nd period - Shot Misses the Net.
16:22 of 2nd period - Wrist shot by Kieffer Bellows.
16:22 of 2nd period - Stopped by Tomas Suchanek without a rebound.
16:23 of 2nd period - Curtis Lazar wins face-off versus Oliver Wahlstrom in Adelaide Pink Elephants zone.
16:28 of 2nd period - Wrist shot by Vinnie Hinostroza.
16:28 of 2nd period - Stopped by Tomas Suchanek with a rebound.
16:36 of 2nd period - Snap shot by Curtis Lazar.
16:36 of 2nd period - Deflect By Vinnie Hinostroza.
16:36 of 2nd period - Stopped by Tomas Suchanek without a rebound.
16:37 of 2nd period - Tyson Foerster wins face-off versus Curtis Lazar in Adelaide Pink Elephants zone.
16:48 of 2nd period - Snap shot by Curtis Lazar.
16:48 of 2nd period - Stopped by Tomas Suchanek without a rebound.
16:49 of 2nd period - Tyson Foerster wins face-off versus Curtis Lazar in Adelaide Pink Elephants zone.
17:40 of 2nd period - Penalty to Logan Mailloux is over, Logan Mailloux is back on ice.
17:40 of 2nd period - Carson Lambos is hit by Curtis Lazar.
17:44 of 2nd period - Vinnie Hinostroza is hit by Graeme Clarke and loses puck.
18:21 of 2nd period - Zachary L'Heureux beats up Nick Cicek.
18:21 of 2nd period - Penalty to Nick Cicek for Fighting.
18:21 of 2nd period - Penalty to Zachary L'Heureux for Fighting.
18:21 of 2nd period - Penalty to Zachary L'Heureux for instigated a fight.
18:21 of 2nd period - Penalty to Zachary L'Heureux for instigated and being the aggresor in a fight.
18:21 of 2nd period - Zachary L'Heureux is ejected from game.
18:22 of 2nd period - Josh Doan wins face-off versus Brendan Lemieux in Adelaide Pink Elephants zone.
18:31 of 2nd period - Snap shot by Tyson Foerster.
18:31 of 2nd period - Stopped by Philipp Grubauer without a rebound.
18:32 of 2nd period - Josh Doan wins face-off versus Brendan Lemieux in Reno Silver Aces zone.
19:08 of 2nd period - Off-side.
19:09 of 2nd period - Graeme Clarke wins face-off versus Brendan Lemieux in neutral zone.
19:12 of 2nd period - Slapshot by Ville Heinola.
19:12 of 2nd period - Stopped by Philipp Grubauer with a rebound.
19:32 of 2nd period - Wrist shot by Kieffer Bellows.
19:32 of 2nd period - Stopped by Tomas Suchanek with a rebound.
19:34 of 2nd period - Snap shot by Brendan Lemieux.
19:34 of 2nd period - Shot Blocked by Ville Heinola.
19:36 of 2nd period - Wrist shot by Kieffer Bellows.
19:36 of 2nd period - Deflect By Graeme Clarke.
19:36 of 2nd period - Shot Misses the Net.
19:36 of 2nd period - Puck is out of play.
19:37 of 2nd period - Brendan Lemieux wins face-off versus Josh Doan in Adelaide Pink Elephants zone.
Goals for this period are 2 for Reno Silver Aces vs 0 for Adelaide Pink Elephants.
Shots for this period are 18 for Reno Silver Aces vs 16 for Adelaide Pink Elephants.
3rd period
0:01 of 3rd period - Brendan Lemieux wins face-off versus Graeme Clarke in neutral zone.
0:04 of 3rd period - Slapshot by Brendan Lemieux.
0:04 of 3rd period - Stopped by Tomas Suchanek without a rebound.
0:05 of 3rd period - Graeme Clarke wins face-off versus Brendan Lemieux in Adelaide Pink Elephants zone.
0:10 of 3rd period - Wrist shot by Graeme Clarke.
0:10 of 3rd period - Shot Blocked by Samuel Bolduc.
0:16 of 3rd period - Snap shot by Oliver Wahlstrom.
0:16 of 3rd period - Stopped by Philipp Grubauer without a rebound.
0:17 of 3rd period - Brendan Lemieux wins face-off versus Josh Doan in Reno Silver Aces zone.
0:21 of 3rd period - Penalty to Zachary L'Heureux is over, Tanner Laczynski is send on ice.
0:30 of 3rd period - Snap shot by Josh Doan.
0:30 of 3rd period - Shot Misses the Net.
0:32 of 3rd period - Slapshot by Ville Heinola.
0:32 of 3rd period - Deflect By Tyson Foerster.
0:32 of 3rd period - Shot Blocked by Trevor Lewis.
0:32 of 3rd period - Puck is out of play.
0:33 of 3rd period - Graeme Clarke wins face-off versus Patrick Brown in Reno Silver Aces zone.
0:41 of 3rd period - Logan Mailloux and Kieffer Bellows fight to a draw.
0:41 of 3rd period - Penalty to Logan Mailloux for Fighting.
0:41 of 3rd period - Penalty to Kieffer Bellows for Fighting.
0:42 of 3rd period - Josh Doan wins face-off versus Patrick Brown in Adelaide Pink Elephants zone.
0:44 of 3rd period - Icing by Tyson Foerster.
0:45 of 3rd period - Josh Doan wins face-off versus Patrick Brown in Adelaide Pink Elephants zone.
0:53 of 3rd period - Mathieu Olivier beats up William Wallinder.
0:53 of 3rd period - Penalty to William Wallinder for Fighting.
0:53 of 3rd period - Penalty to Mathieu Olivier for Fighting.
0:54 of 3rd period - Curtis Lazar wins face-off versus Josh Doan in Reno Silver Aces zone.
1:09 of 3rd period - Slapshot by Tyson Foerster.
1:09 of 3rd period - Shot Misses the Net.
1:24 of 3rd period - Wrist shot by Patrick Brown.
1:24 of 3rd period - Stopped by Tomas Suchanek with a rebound.
1:26 of 3rd period - Snap shot by Nicolas Deslauriers.
1:26 of 3rd period - Shot Blocked by Carson Lambos.
1:27 of 3rd period - Carson Lambos beats up Ty Smith.
1:27 of 3rd period - Penalty to Carson Lambos for Fighting.
1:27 of 3rd period - Penalty to Ty Smith for Fighting.
1:28 of 3rd period - Patrick Brown wins face-off versus Josh Doan in Adelaide Pink Elephants zone.
1:37 of 3rd period - Snap shot by Nicolas Deslauriers.
1:37 of 3rd period - Shot Misses the Net.
1:39 of 3rd period - Snap shot by Jordan Oesterle.
1:39 of 3rd period - Stopped by Tomas Suchanek with a rebound.
1:41 of 3rd period - Slapshot by Samuel Bolduc.
1:41 of 3rd period - Stopped by Tomas Suchanek without a rebound.
1:42 of 3rd period - Graeme Clarke wins face-off versus Vinnie Hinostroza in Adelaide Pink Elephants zone.
1:59 of 3rd period - Oliver Wahlstrom is hit by Curtis Lazar and loses puck.
2:18 of 3rd period - Slapshot by Daemon Hunt.
2:18 of 3rd period - Stopped by Philipp Grubauer with a rebound.
2:31 of 3rd period - Icing by Colton Dach.
2:32 of 3rd period - Graeme Clarke wins face-off versus Patrick Brown in Adelaide Pink Elephants zone.
2:32 of 3rd period - Graeme Clarke is hit by Tanner Laczynski.
2:50 of 3rd period - Snap shot by Peter Abbandonato.
2:50 of 3rd period - Shot Misses the Net.
2:52 of 3rd period - Wrist shot by Tanner Laczynski.
2:52 of 3rd period - Stopped by Tomas Suchanek with a rebound.
2:54 of 3rd period - Wrist shot by Peter Abbandonato.
2:54 of 3rd period - Shot Blocked by Tyson Foerster.
2:56 of 3rd period - Backhand shot by Cole Koepke.
2:56 of 3rd period - Shot Misses the Net.
2:58 of 3rd period - Slapshot by William Villeneuve.
2:58 of 3rd period - Shot Blocked by Ville Heinola.
3:12 of 3rd period - Snap shot by Curtis Lazar.
3:12 of 3rd period - Shot Misses the Net.
4:08 of 3rd period - Jordan Oesterle is hit by Akil Thomas and loses puck.
4:34 of 3rd period - Icing by Ilya Solovyov.
4:35 of 3rd period - Trevor Lewis wins face-off versus Josh Doan in Adelaide Pink Elephants zone.
4:59 of 3rd period - Curtis Lazar is hit by Akil Thomas and loses puck.
5:22 of 3rd period - Minor Penalty to Jordan Oesterle for Holding.
5:23 of 3rd period - Graeme Clarke wins face-off versus Brendan Lemieux in Reno Silver Aces zone.
5:41 of 3rd period - Penalty to Kieffer Bellows is over, Kieffer Bellows is back on ice.
5:53 of 3rd period - Penalty to Mathieu Olivier is over, Mathieu Olivier is back on ice.
6:13 of 3rd period - Snap shot by Graeme Clarke.
6:13 of 3rd period - Stopped by Philipp Grubauer with a rebound.
6:19 of 3rd period - Snap shot by Oliver Wahlstrom.
6:19 of 3rd period - Shot Misses the Net.
6:21 of 3rd period - Backhand shot by Oliver Wahlstrom.
6:21 of 3rd period - Adelaide Pink Elephants goal is going for a video replay.
6:21 of 3rd period - The goal is refused. The referee deems the play has been stopped, even if he had not physically had the opportunity to stop play by blowing his whistle..
6:22 of 3rd period - Josh Doan wins face-off versus Brendan Lemieux in Reno Silver Aces zone.
6:25 of 3rd period - Wrist shot by Tyson Foerster.
6:25 of 3rd period - Shot Misses the Net.
6:27 of 3rd period - Penalty to Ty Smith is over, Ty Smith is back on ice.
6:27 of 3rd period - Slapshot by Ilya Solovyov.
6:27 of 3rd period - Shot Blocked by Brendan Lemieux.
6:29 of 3rd period - Slapshot by Ilya Solovyov.
6:29 of 3rd period - Stopped by Philipp Grubauer with a rebound.
6:31 of 3rd period - Wrist shot by Tyson Foerster.
6:31 of 3rd period - Stopped by Philipp Grubauer with a rebound.
6:33 of 3rd period - Snap shot by Sean Farrell.
6:33 of 3rd period - Stopped by Philipp Grubauer with a rebound.
6:35 of 3rd period - Wrist shot by Tyson Foerster.
6:35 of 3rd period - Shot Misses the Net.
6:51 of 3rd period - Trevor Lewis is hit by Ilya Solovyov and loses puck.
7:22 of 3rd period - Penalty to Jordan Oesterle is over, Jordan Oesterle is back on ice.
7:22 of 3rd period - Samuel Bolduc is hit by Tyson Foerster and loses puck.
7:30 of 3rd period - Icing by Samuel Bolduc.
7:31 of 3rd period - Nicolas Deslauriers wins face-off versus Akil Thomas in Reno Silver Aces zone.
7:31 of 3rd period - Nicolas Deslauriers is hit by Ryan Suzuki.
8:34 of 3rd period - Double Minor Penalty to Curtis Lazar for Slashing.
8:35 of 3rd period - Brendan Lemieux wins face-off versus Josh Doan in Reno Silver Aces zone.
8:47 of 3rd period - Slapshot by Trevor Lewis.
8:47 of 3rd period - Stopped by Tomas Suchanek without a rebound.
8:48 of 3rd period - Kieffer Bellows wins face-off versus Josh Doan in Adelaide Pink Elephants zone.
8:49 of 3rd period - Wrist shot by Brendan Lemieux.
8:49 of 3rd period - Shot Blocked by Sean Farrell.
9:25 of 3rd period - Snap shot by Graeme Clarke.
9:25 of 3rd period - Shot Misses the Net.
9:56 of 3rd period - Icing by Colton Dach.
9:57 of 3rd period - Tanner Laczynski wins face-off versus Sean Farrell in Adelaide Pink Elephants zone.
11:22 of 3rd period - Graeme Clarke is hit by Nicolas Deslauriers and loses puck.
12:27 of 3rd period - Backhand shot by Akil Thomas.
12:27 of 3rd period - Shot Misses the Net.
12:34 of 3rd period - Penalty to Curtis Lazar is over, Curtis Lazar is back on ice.
12:57 of 3rd period - Ryan Suzuki is hit by Nicolas Deslauriers and loses puck.
13:21 of 3rd period - 10 Minutes Misconduct Penalty to Zachary L'Heureux is over.
13:54 of 3rd period - Ville Heinola is hit by Curtis Lazar and loses puck.
14:39 of 3rd period - William Wallinder is hit by Nicolas Deslauriers and loses puck.
14:50 of 3rd period - William Wallinder is hit by Curtis Lazar and loses puck.
15:27 of 3rd period - Daemon Hunt is hit by Ty Smith.
15:54 of 3rd period - Icing by Tanner Laczynski.
15:55 of 3rd period - Peter Abbandonato wins face-off versus Akil Thomas in Reno Silver Aces zone.
16:03 of 3rd period - Slapshot by Casey Fitzgerald.
16:03 of 3rd period - Shot Misses the Net.
16:43 of 3rd period - Minor Penalty to Mathieu Olivier for Holding.
16:44 of 3rd period - Graeme Clarke wins face-off versus Brendan Lemieux in Reno Silver Aces zone.
16:48 of 3rd period - Wrist shot by Oliver Wahlstrom.
16:48 of 3rd period - Shot Misses the Net.
16:50 of 3rd period - Wrist shot by Daemon Hunt.
16:50 of 3rd period - Shot Blocked by Jeremie Poirier.
16:52 of 3rd period - Slapshot by Daemon Hunt.
16:52 of 3rd period - Shot Misses the Net.
16:58 of 3rd period - Snap shot by Graeme Clarke.
16:58 of 3rd period - Stopped by Philipp Grubauer without a rebound.
16:59 of 3rd period - Curtis Lazar wins face-off versus Josh Doan in Reno Silver Aces zone.
17:08 of 3rd period - Snap shot by Daemon Hunt.
17:08 of 3rd period - Shot Blocked by Ty Smith.
17:10 of 3rd period - Wrist shot by Tyson Foerster.
17:10 of 3rd period - Stopped by Philipp Grubauer with a rebound.
17:12 of 3rd period - Wrist shot by Josh Doan.
17:12 of 3rd period - Shot Misses the Net.
17:24 of 3rd period - Kieffer Bellows is hit by Daemon Hunt.
18:43 of 3rd period - Penalty to Mathieu Olivier is over, Mathieu Olivier is back on ice.
Goals for this period are 0 for Reno Silver Aces vs 0 for Adelaide Pink Elephants.
Shots for this period are 6 for Reno Silver Aces vs 9 for Adelaide Pink Elephants.
Back to the Top